 Dungeon Crawl Stone Soup version 0.13.0-29-gdb529de (webtiles) character file.

173 Lilouch the Firebug (level 4, 0/24 HPs)
             Began as a Deep Elf Fire Elementalist on Nov 6, 2013.
             Slain by an orc
             ... wielding a +1,+2 orcish hand axe
              (4 damage)
             ... on Level 4 of the Dungeon.
             The game lasted 00:16:58 (2347 turns).

Lilouch the Firebug (Deep Elf Fire Elementalist)    Turns: 2347, Time: 00:16:58

HP   0/24        AC  2     Str  5      XL: 4   Next: 41%
MP   6/13        EV 13     Int 21      God:
Gold 77          SH  0     Dex 18      Spells:  3 memorised,  3 levels left

Res.Fire  : . . .   See Invis. : .   o - +0 elf blowgun
Res.Cold  : . . .   Warding    : .   a - +0 elf robe
Life Prot.: . . .   Conserve   : .   (no shield)
Res.Poison: .       Res.Corr.  : .   (no helmet)
Res.Elec. : .       Clarity    : .   (no cloak)
Sust.Abil.: . .     Spirit.Shd : .   (no gloves)
Res.Mut.  : .       Stasis     : .   (no boots)
Res.Rott. : .       Flight     : .   (no amulet)
Saprovore : . . .                    (no ring)
                                     v - +3 ring of dexterity

@: very slightly contaminated, slightly resistant to hostile enchantments,
stealthy
A: no striking features
a: no special abilities


You were on level 4 of the Dungeon.
You were hungry.

You visited 1 branch of the dungeon, and saw 4 of its levels.

You collected 57 gold pieces.

Inventory:

Hand weapons
 d - a +1,+0 elven spear
 e - a +1,+1 dwarven dagger
 o - a +0 elven blowgun (weapon)
 r - a +0,+0 dagger
 y - a +2,+1 dagger
Missiles
 u - 6 poisoned needles (quivered)
Armour
 a - a +0 elven robe (worn)
 s - a +0 leather armour
Comestibles
 c - 3 bread rations
 i - a meat ration
 w - a rotting chunk of giant gecko flesh
 x - a rotting chunk of adder flesh
 A - a chunk of orc flesh
 B - a chunk of ball python flesh
Scrolls
 g - a scroll of enchant weapon I {unknown}
 l - a scroll of magic mapping {unknown}
 m - 5 scrolls of remove curse {unknown}
 n - a scroll of recharging {unknown}
Jewellery
 v - a +3 ring of dexterity (left hand)
Potions
 f - a potion of heal wounds {unknown}
 h - a potion of restore abilities {unknown}
 j - a potion of magic {unknown}
 p - a potion of flight {unknown}
 q - a potion of agility {unknown}
Books
 b - a book of Flames

   Spells                             Type                      Level
   *Flame Tongue                      Conjuration/Fire             1
   *Throw Flame                       Conjuration/Fire             2
   *Conjure Flame                     Conjuration/Fire             3
   Inner Flame                        Hexes/Fire                   3
   Sticky Flame                       Conjuration/Fire             4
   Fireball                           Conjuration/Fire             5
Magical staves
 t - an uncursed staff of death


   Skills:
 - Level 1.0 Armour
 - Level 2.4 Dodging
 - Level 2.4 Stealth
 + Level 3.2 Spellcasting
 * Level 3.4 Conjurations
 - Level 3.5 Fire Magic


You had 3 spell levels left.
You knew the following spells:

 Your Spells              Type           Power        Failure   Level  Hunger
a - Flame Tongue          Conj/Fire      ###..        3%          1    None
b - Throw Flame           Conj/Fire      ###...       6%          2    ##.....
c - Conjure Flame         Conj/Fire      ###.....     12%         3    ###....


Dungeon Overview and Level Annotations

Branches:
Dungeon (4/27)
 Temple: D:4-7

Altars:

Annotations:
D:3 Sigmund


Message History

The orc looks even sicker.
The orc is heavily wounded.
The orc priest calls upon Beogh to heal the orc.
The orc's wounds heal themselves!
It drops an orcish dagger.
It picks up an orcish whip.
Firing (i - inventory. (,) - cycle):
u - 8 poisoned needles (quivered)
Press: ? - help, Shift-Dir - straight line, f/p - orc
Aim: an orc, wielding an orcish hand axe and wearing an orcish leather armour (poisoned)
You shoot a poisoned needle. The poisoned needle hits the orc.
The orc looks even sicker.
The orc hits you with an orcish hand axe.
* * * LOW HITPOINT WARNING * * *
It picks up an orcish dagger.
Firing (i - inventory. (,) - cycle):
u - 7 poisoned needles (quivered)
Press: ? - help, Shift-Dir - straight line, f/p - orc
Aim: an orc, wielding an orcish hand axe and wearing an orcish leather armour (poisoned)
You shoot a poisoned needle. The poisoned needle hits the orc.
The orc looks even sicker.
The orc hits you with an orcish hand axe.
You die...

..##.# #.. ....#.# o..#
..##.###..# ##.#... .(.#
#.##....... ...... ...#
#....###..##### #... o.##
#...o#........$. ...
#....oo.?....... .
#....#....?...# o
#....#.....o.o########.....
#)...#..(.o(..(o@.§r((o...o
######################.....
.


You could see an orc priest, an orc wizard, 3 orcs and a rat.

Vanquished Creatures
  4 adders
  3 giant geckos
  3 orcs (D:4)
  4 giant cockroaches
  5 hobgoblins
  4 jackals
  8 kobolds
  2 quokkas
  2 ball pythons
  6 bats
  2 giant newts
  5 goblins
  4 rats
52 creatures vanquished.

Notes
Turn   | Place    | Note
--------------------------------------------------------------
     0 | D:1      | Lilouch, the Deep Elf Fire Elementalist, began the quest for the Orb.
     0 | D:1      | Reached XP level 1. HP: 10/10 MP: 4/4
    84 | D:1      | Reached skill level 1 in Armour
   275 | D:1      | Reached XP level 2. HP: 13/15 MP: 3/6
   930 | D:2      | Reached XP level 3. HP: 7/19 MP: 3/9
  1643 | D:2      | Learned a level 2 spell: Throw Flame
  1647 | D:2      | Learned a level 3 spell: Conjure Flame
  1944 | D:3      | Reached XP level 4. HP: 24/24 MP: 9/13
  1965 | D:3      | Noticed Sigmund
  2315 | D:4      | Noticed a sky beast
  2332 | D:4      | Paralysed by a potion of paralysis for 4 turns
  2347 | D:4      | Slain by an orc

Action                   |  1- 3 |  4- 6 || total
-------------------------+-------+-------++-------
Melee: Spear             |    15 |       ||    15
       Unarmed           |     2 |       ||     2
 Fire: Blowgun           |     7 |    14 ||    21
 Cast: Flame Tongue      |    67 |    12 ||    79
       Throw Flame       |     2 |     4 ||     6
       Conjure Flame     |       |     3 ||     3
  Use: Scroll            |       |     5 ||     5
       Potion            |       |     1 ||     1
